 Dungeon Crawl Stone Soup version 0.29-a0-577-gafbf2c5d25 (webtiles) character file.

Game seed: 10863866318288759529

8428 beeps the Spear-Bearer (level 11, 0/82 HPs)
             Began as a Meteoran Wanderer on June 13, 2022.
             Was a High Priest of Hepliaklqana.
             Slain by a boulder beetle (27 damage)
             ... on level 11 of the Dungeon.
             The game lasted 00:49:38 (5744 turns).

beeps the Spear-Bearer (Meteoran Wanderer)          Turns: 5744, Time: 00:49:40

Health: 0/82       AC: 10    Str: 13    XL:     11   Next: 85%
Magic:  8/22       EV: 18    Int: 16    God:    Hepliaklqana [*****.]
Gold:   1016       SH:  0    Dex: 17    Spells: 15/24 levels left

rFire   . . .      SeeInvis .   v - +1 trident (freeze)
rCold   . . .      Faith    .   (no shield)
rNeg    . . .      Spirit   .   d - +0 leather armour
rPois   .          Reflect  .   b - +0 helmet
rElec   .          Harm     .   s - scarf {shadows}
rCorr   +          Rampage  .   g - +0 pair of gloves
Will    +....                   K - +0 pair of boots {Fly}
Stlth   +.........              (no amulet)
HPRegen 0.23/turn               H - +4 ring of protection
MPRegen 0.18/turn               D - ring of resist corrosion

@: flying, glowing
A: reduced essence, sense surroundings 2, otherworldly, glowing, explore regen
a: Renounce Religion, Recall Ancestor, Ancestor Identity, Transference, Idealise


You were on level 11 of the Dungeon.
You worshipped Hepliaklqana.
Hepliaklqana was extremely pleased with you.
You visited 1 branch of the dungeon, and saw 11 of its levels.
You also visited: Sewer and Bailey.

You collected 1016 gold pieces.

Inventory:

Hand Weapons
 a - a +2 spear
 v - a +1 trident of freezing (weapon)
Missiles
 n - 24 boomerangs
 E - 6 curare-tipped darts
Armour
 b - a +0 helmet (worn)
 d - a +0 leather armour (worn)
 g - a +0 pair of gloves (worn)
 s - a scarf of shadows (worn)
 w - a +0 pair of boots
 F - a +0 troll leather armour
 J - the +0 leather armour "Henagh" {rF+ rCorr Str-5 Int+6}
   (You took it off an orc on level 8 of the Dungeon)

   Str:       It affects your strength (-5).
   Int:       It affects your intelligence (+6).
   rF:        It protects you from fire.
   rCorr:     It protects you from acid and corrosion.
 K - a +0 pair of boots of flying (worn)
 L - a +0 hat
 N - a +0 cloak
Magical Staves
 o - a staff of poison
Jewellery
 i - a ring of willpower
 y - a +6 ring of intelligence
 B - a ring of willpower
 D - a ring of resist corrosion (right hand)
 H - a +4 ring of protection (left hand)
Wands
 x - a wand of mindburst (2)
 M - a wand of acid (3)
Scrolls
 e - 2 scrolls of teleportation {unknown}
 h - a scroll of magic mapping
 j - 5 scrolls of blinking
 k - a scroll of amnesia
 p - 3 scrolls of immolation
 t - 2 scrolls of vulnerability {unknown}
 C - a scroll of acquirement {unknown}
 I - 5 scrolls of identify
 Q - a scroll of enchant armour {unknown}
 S - a scroll of poison {unknown}
 U - a scroll of summoning {unknown}
Potions
 c - 2 potions of flight
 f - 5 potions of curing
 l - a potion of ambrosia
 m - 4 potions of brilliance
 q - 2 potions of might
 r - 2 potions of attraction
 u - 4 potions of heal wounds
 z - a potion of cancellation
 A - 2 potions of magic {unknown}
 G - 2 potions of invisibility
 O - 2 potions of mutation {unknown}
 P - 3 potions of haste {unknown}
 R - a potion of resistance {unknown}
 T - 2 potions of berserk rage {unknown}


   Skills:
 + Level 7.2 Fighting
 + Level 11.4 Polearms
 - Level 2.4 Armour
 + Level 11.0 Dodging
 - Level 1.0 Stealth
 + Level 7.1 Spellcasting
 - Level 4.0 Conjurations
 - Level 7.1 Fire Magic
 - Level 4.1 Invocations


You had 15 spell levels left.
You knew the following spells:

 Your Spells              Type           Power      Damage    Failure   Level
a - Foxfire               Conj/Fire      92%        2x1d8     1%          1
b - Scorch                Fire           56%        2d7       1%          2
c - Conjure Flame         Conj/Fire      23%        6-21      4%          3
d - Inner Flame           Hex/Fire       17%        N/A       11%         3

Your spell library contained the following spells:

 Spells                   Type           Power      Damage    Failure   Level
 Beastly Appendage        Tmut           10%        N/A       16%         1
 Slow                     Hex            20%        N/A       16%         1
 Flame Wave               Conj/Fire      23%        2d7       16%         4
 Wereblood                Tmut           5%         N/A       24%         2
 Confusing Touch          Hex            5%         N/A       43%         3
 Portal Projectile        Hex/Tloc       10%        N/A       43%         3
 Spider Form              Tmut/Pois      5%         N/A       43%         3
 Tukima's Dance           Hex            5%         N/A       43%         3
 Vampiric Draining        Necr           5%         2d6       43%         3
 Fulminant Prism          Conj/Hex       6%         3d7       56%         4
 Iskenderun's Mystic Bla  Conj/Tloc      12%        2d5       56%         4
 Anguish                  Hex/Necr       2%         N/A       83%         4
 Blade Hands              Tmut           2%         N/A       99%         5
 Lee's Rapid Deconstruct  Erth           2%         3d6*      99%         5
 Summon Cactus Giant      Summ           2%         N/A       100%        6
 Enfeeble                 Hex            2%         N/A       100%        7
 Chain Lightning          Conj/Air       6%         3d8       100%        9
 Fire Storm               Conj/Fire      11%        8d3       100%        9
 Shatter                  Erth           2%         3d6*      100%        9


Dungeon Overview and Level Annotations

Branches:
Dungeon (11/15)            Temple (0/1) D:4            Lair (0/6) D:11
  Sewer (visited)          Bailey (visited)
    Orc: D:9-12

Altars:
Fedhas
Hepliaklqana
Kikubaaqudgha
Qazlal
Uskayaw
Yredelemnul
Zin
The Shining One

Shops:
D:3 (


Innate Abilities, Weirdness & Mutations

Your life essence is reduced to manifest your ancestor. (-10% HP)
You passively map the area around you.
You are easily found by Zot.
You glow in the dark.
You regain HP and MP as you explore.


Message History

Numeria hits the boulder beetle but does no damage.
You feel much better.
The boulder beetle leaps!
Numeria hits the hornet with a +0 flail!
Flames lash the hornet.
The hornet is heavily wounded.
The hornet's fire resistance burns away.
The boulder beetle curls into a ball and begins rolling!
Numeria blocks the hornet's attack.
Flames lash the hornet.
The hornet is burned terribly!
The hornet is almost dead.
Numeria hits the boulder beetle with a +0 flail!
Flames lash the hornet but do no damage.
The hornet stings you!
You feel yourself slow down.
Numeria hits the boulder beetle but does no damage.
Flames lash the hornet.
The hornet is burned terribly!
You kill the hornet!
You feel yourself speed up. The boulder beetle barely misses you.
The boulder beetle stops rolling and uncurls.
The boulder beetle bites you!!
Numeria hits the boulder beetle with a +0 flail!
You are too injured to fight recklessly!
You are too injured to fight recklessly!
Casting: Scorch (safe; 1% risk of failure)
Press: ? - help, Q - select action, (/) - cycle Dir - look around, f - activate Flames lash the boulder beetle but do no damage.
The boulder beetle bites you!
Numeria hits the boulder beetle but does no damage.
Casting: Scorch (safe; 1% risk of failure)
Press: ? - help, Q - select action, (/) - cycle Dir - look around, f - activate Flames lash the boulder beetle but do no damage.
The boulder beetle closely misses you.
Numeria hits the boulder beetle with a +0 flail!
Casting: Scorch (safe; 1% risk of failure)
Press: ? - help, Q - select action, (/) - cycle Dir - look around, f - activate Flames lash the boulder beetle.
The boulder beetle is heavily wounded.
The boulder beetle's fire resistance burns away.
The boulder beetle bites you!!
You die...

*, .## ...##....#.. *
#.##...........# *
#..............####* . *
####...#.............*#.. , ,
,#.....##.>......$..##.... *
#.....#.................# *
###...................# .### *
#..#...##.......BR.#.#..#..#
..###..###...#..@......#.##.#####
........##...#.......##.####.##..
....#............................
##.....>...........#...###.......
.....................#..#########
.#.......^.................,
.#...............#†...#...##
.....#....##........#..##..#
..#..#....##...............#*


You could see the friendly Numeria the knight and a boulder beetle (combustible,
ally target).

Vanquished Creatures
  Grinder (D:5)
  A hornet (D:11)
  7 yaks (D:8)
  A vampire mosquito (D:11)
  An ice beast (D:7)
  4 orc warriors
  A sky beast (D:7)
  2 black bears
  2 centaurs
  A phantom (D:7)
  5 kobold brigands
  A bullfrog (Sewer)
  A necrophage (D:7)
  A killer bee (D:9)
  A jelly (D:7)
  2 hounds
  4 orc priests
  A gnoll shaman (D:9)
  3 iguanas
  2 orc wizards
  2 gnolls (D:9)
  3 adders
  A shadow imp (D:7)
  13 orcs
  4 bats
  7 endoplasms
  7 giant cockroaches
  4 goblins
  7 hobgoblins
  2 jackals (D:1)
  3 quokkas
  11 ball pythons
  5 frilled lizards
  14 kobolds
  3 rats
128 creatures vanquished.

Vanquished Creatures (collateral kills)
  A manticore (D:11)
  Maurice (D:9)
  A cyclops (D:11)
  2 trolls
  3 shadows
  A wyvern (D:11)
  A wraith (D:11)
  7 yaks (D:8)
  A vampire mosquito (D:11)
  A water moccasin (D:9)
  An orc warrior (D:10)
  A sky beast (D:8)
  An ogre (D:6)
  2 centaurs
  A phantom (D:4)
  2 kobold brigands (Bailey)
  2 bullfrogs
  2 scorpions
  2 killer bees (D:9)
  2 howler monkeys
  2 hounds (D:5)
  A jelly (D:5)
  4 orc priests
  2 iguanas (D:5)
  An orc wizard (D:10)
  2 gnolls (D:9)
  7 adders
  2 dart slugs
  21 orcs
  4 ball pythons (Sewer)
  9 endoplasms
  6 giant cockroaches (Sewer)
  A hobgoblin (D:4)
  2 quokkas (Sewer)
  5 frilled lizards
  16 kobolds
120 creatures vanquished.

Vanquished Creatures (others)
  3 knights
  59 foxfires
62 creatures vanquished.

Grand Total: 310 creatures vanquished

Notes
Turn   | Place    | Note
-------+----------+-------------------------------------------
     0 | D:1      | beeps the Meteoran Wanderer began the quest for the Orb.
     0 | D:1      | beeps set off with the following items: a +2 spear, a +0
                  | helmet, a scroll of blinking, a +0 leather armour; and the
                  | following spell memorised: Foxfire; and the following
                  | spells available to memorise: Conjure Flame
     0 | D:1      | Reached XP level 1. HP: 14/14 MP: 5/5
   189 | D:1      | Reached XP level 2. HP: 20/20 MP: 6/6
   335 | D:1      | Reached skill level 1 in Fire Magic
   401 | D:1      | Reached skill level 1 in Conjurations
   425 | D:1      | Reached XP level 3. HP: 26/26 MP: 8/8
   509 | D:2      | Found a faded altar of an unknown god.
   515 | D:2      | Prayed at the altar of an unknown god.
   515 | D:2      | Became a worshipper of Hepliaklqana the Forgotten
   515 | D:2      | Reached * piety under Hepliaklqana
   711 | D:2      | Reached XP level 4. HP: 29/29 MP: 9/9
  1126 | D:3      | Found a glowing silver altar of Zin.
  1178 | D:3      | Reached ** piety under Hepliaklqana
  1197 | D:3      | Remembered your ancestor Numeria as a knight
  1211 | D:3      | Found Xaikab's Antique Weapon Boutique.
  1352 | D:3      | Reached XP level 5. HP: 26/34 MP: 6/10
  1501 | D:4      | Found a hide-covered altar of Uskayaw.
  1501 | D:4      | Found an ancient bone altar of Kikubaaqudgha.
  1550 | D:4      | Noticed a phantom
  1562 | D:4      | Killed a phantom
  1563 | D:4      | Reached XP level 6. HP: 40/40 MP: 7/11
  1579 | D:4      | Found a blossoming altar of Fedhas.
  1638 | D:4      | Reached skill level 5 in Polearms
  2027 | D:5      | Entered Level 5 of the Dungeon
  2194 | D:5      | Reached XP level 7. HP: 45/45 MP: 8/12
  2210 | D:5      | Reached skill level 5 in Dodging
  2268 | D:5      | Found a stormy altar of Qazlal.
  2335 | D:5      | Noticed Grinder
  2354 | D:5      | Killed Grinder
  2355 | D:5      | Reached XP level 8. HP: 30/51 MP: 13/13
  2373 | D:5      | HP: 1/51 [orc priest/divine providence (12)]
  2631 | D:6      | Reached *** piety under Hepliaklqana
  2659 | D:6      | Found a glowing drain.
  2667 | Sewer    | Entered a sewer
  2880 | Sewer    | Reached skill level 1 in Fighting
  2880 | Sewer    | Gained mutation: You passively map the area around you.
                  | [Meteoran growth]
  2880 | Sewer    | Reached XP level 9. HP: 50/57 MP: 14/14
  3030 | D:7      | Learned a level 2 spell: Scorch
  3211 | D:7      | Found a flagged portal.
  3303 | Bailey   | Entered a bailey
  3814 | D:7      | Reached XP level 10. HP: 53/70 MP: 12/15
  3827 | D:7      | Found a glowing golden altar of the Shining One.
  3910 | D:7      | Found a basalt altar of Yredelemnul.
  4045 | D:8      | Reached skill level 5 in Fire Magic
  4221 | D:8      | Reached skill level 5 in Fighting
  4221 | D:8      | Reached skill level 10 in Polearms
  4257 | D:8      | Reached **** piety under Hepliaklqana
  4266 | D:8      | Learned a level 3 spell: Conjure Flame
  4369 | D:8      | Identified the +0 leather armour "Henagh" {rF+ rCorr Str-5
                  | Int+6}
  4387 | D:8      | Reached skill level 1 in Invocations
  4398 | D:8      | Reached skill level 5 in Spellcasting
  4412 | D:8      | Reached skill level 10 in Dodging
  4481 | D:8      | Reached XP level 11. HP: 80/80 MP: 17/19
  4604 | D:9      | Noticed Maurice
  4611 | D:9      | Killed Maurice
  4884 | D:10     | Entered Level 10 of the Dungeon
  5563 | D:11     | Reached ***** piety under Hepliaklqana
  5601 | D:11     | Found a staircase to the Lair.
  5604 | D:11     | Noticed a cyclops
  5610 | D:11     | Killed a cyclops
  5692 | D:11     | Noticed a manticore
  5694 | D:11     | Learned a level 3 spell: Inner Flame
  5701 | D:11     | Killed a manticore
  5721 | D:11     | Noticed a boulder beetle
  5744 | D:11     | Slain by a boulder beetle

Illustrated notes

Levels and vault maps discovered:
D:1:      dpeg_arrival_lava_temple_mockup, layout_loops_corners
D:2:      layout_loops_corners, ebering_ecumenical_altar_mist,
          columned_hall_lemuel, glass_columns_c, uniq_jessica
D:3:      layout_basic, zin_scriptorium, serial_shops, shop_statue,
          minmay_misc_feat_five, minivault_23
D:4:      layout_basic, lemuel_tele_altar, gammafunk_temple_overflow_elements,
          temple_hall
D:5:      layout_rooms, grunt_qazlal_clouds, uniq_grinder
D:6:      layout_rooms, portal_sewer_entry_d, uniq_eustachio
D:7:      layout_basic, nicolae_tso_carved_into_rock,
          mainiacjoe_overflow_surrounded_room, enter_bailey_8, serial_aquarium,
          aquarium_bridge_square [aquarium_subvault_balcony,
          aquarium_subvault_wall, aquarium_subvault_bridge,
          aquarium_subvault_wall], aquarium_window_1,
          aquarium_window_corridor_1, aquarium_window_2, aquarium_view_2d,
          aquarium_view_2a, aquarium_balcony_3b, aquarium_pool_2
D:8:      layout_basic, nicolae_benzene_ring
D:9:      layout_rooms, uniq_maurice
D:10:     layout_irregular_city
D:11:     layout_layer_cave, lair_entry_dummy, elyvilon_altar_3, uniq_sonja

Skill      XL: |  1  2  3  4  5  6  7  8  9 10 11 |
---------------+----------------------------------+-----
Fire Magic     | 1 2 4 6 7 |  7.1
Conjurations   | 1 2 3 4 |  4.0
Polearms       | 4 5 7 8 9 10 11 | 11.4
Dodging        | 3 4 6 7 9 10 11 | 11.0
Fighting       | 1 4 5 7 |  7.2
Spellcasting   | 3 5 7 |  7.1
Invocations    | 2 4 |  4.1
Armour         | |  2.4
Stealth        | |  1.0

Action                   |  1- 3 |  4- 6 |  7- 9 | 10-12 || total
-------------------------+-------+-------+-------+-------++-------
Melee: Spear             |    55 |    81 |       |       ||   136
       Trident           |       |       |   196 |   171 ||   367
 Cast: Foxfire           |     4 |    14 |    16 |       ||    34
       Scorch            |       |       |    17 |    59 ||    76
Invok: Ancestor Life: Kn |       |     1 |       |       ||     1
       Recall Ancestor   |       |       |       |     1 ||     1
Evoke: Wand              |       |       |     3 |       ||     3
  Use: Scroll            |       |       |     9 |     3 ||    12
       Potion            |       |       |     4 |     1 ||     5
 Stab: Sleeping          |     1 |       |       |       ||     1
       Distracted        |       |     2 |     2 |     2 ||     6
Armor: Leather armour    |    12 |    14 |    29 |    25 ||    80
Dodge: Dodged            |    17 |    17 |    81 |    74 ||   189

Table legend: (Time is in decaauts)
 A = Elapsed time spent in this place.
 B = Non-inter-level travel time spent in this place.
 C = Inter-level travel time spent in this place.
 D = Time resting spent in this place.
 E = Time spent auto-exploring this place.
 F = Levels seen in this place.
 G = Mean time per level.
                   A        B        C        D        E       F      G
               +--------+--------+--------+--------+--------+-----+--------+
         Total |   5742 |   5345 |    397 |    119 |   2251 |  13 |  441.7 |
       Dungeon |   5336 |   4939 |    397 |    119 |   2251 |  11 |  485.1 |
         Sewer |    285 |    285 |      0 |      0 |      0 |   1 |  285.0 |
        Bailey |    120 |    120 |      0 |      0 |      0 |   1 |  120.0 |
               +--------+--------+--------+--------+--------+-----+--------+

Top non-repeatable levels by time:
     D:7: 790 daAuts
    D:10: 632 daAuts
     D:8: 593 daAuts
     D:4: 562 daAuts
     D:2: 551 daAuts
     D:5: 545 daAuts
     D:1: 475 daAuts
     D:3: 422 daAuts
     D:9: 370 daAuts
   Sewer: 285 daAuts
     D:6: 206 daAuts
    D:11: 187 daAuts
  Bailey: 120 daAuts
